 Dungeon Crawl Stone Soup version 0.18.1-8-gdd0e5ea (webtiles) character file.

3309 Jerry the Protected (level 9, -5/94 HPs)
             Began as a Demonspawn Fighter on May 23, 2016.
             Was a Priest of Okawaru.
             Slain by Erica
             ... wielding a +4 scimitar of flaming
              (9 damage)
             ... on level 8 of the Dungeon.
             The game lasted 00:38:00 (9150 turns).

Jerry the Protected (Demonspawn Fighter)            Turns: 9150, Time: 00:38:00

Health: -5/94      AC: 24    Str: 16 (19) XL:     9   Next: 70%
Magic:  9/9        EV:  2    Int: 13 (16) God:    Okawaru [***...]
Gold:   287        SH:  0    Dex: 11 (12) Spells: 0 memorised, 8 levels left

rFire  + . .     SeeInvis .     F - +1 mace (crush)
rCold  + . .     Gourm    .     (armour currently unavailable)
rNeg   + + +     Faith    .     c - +0 shield
rPois  +         Spirit   .     (helmet currently unavailable)
rElec  +         Dismiss  .     (cloak currently unavailable)
rCorr  +         Reflect  .     (gloves currently unavailable)
SustAt .         Harm     .     (boots currently unavailable)
MR     .....     NoTele   +     (no amulet)
Stlth  ++++......               (no ring)
                                n - ring of stealth

@: confused, brilliant, tree-form (expiring), resistant (expiring), very
slightly contaminated, hasted and slowed, not resistant to hostile enchantments,
stealthy
A: (talons 0), (iridescent scales 0), nightstalker 2, powered by pain 2
a: Heroism, Renounce Religion


You were on level 8 of the Dungeon.
You worshipped Okawaru.
Okawaru was most pleased with you.
You were hungry.
You were a tree.
You visited 1 branch of the dungeon, and saw 8 of its levels.
You also visited: Sewer.

You collected 287 gold pieces.

Inventory:

Hand Weapons
 A - a +1 flail of pain
 F - a +1 mace of crushing (weapon)
Missiles
 B - 5 silver tomahawks (quivered)
Armour
 b - a +0 scale mail (melded)
 c - a +0 shield (worn)
 o - a +2 pair of boots of running (melded)
 K - a cursed +0 helmet (melded)
Jewellery
 n - a ring of stealth (left branch)
 u - an uncursed amulet of harm
 y - an uncursed ring of wizardry
Wands
 E - a wand of flame (24/48)
Scrolls
 a - 2 scrolls of fear
 g - 8 scrolls of identify
 j - 2 scrolls of blinking
 m - a scroll of magic mapping
 r - a scroll of enchant armour {unknown}
 v - a scroll of immolation {unknown}
 w - 2 scrolls of recharging {unknown}
 C - a scroll of teleportation {unknown}
 D - 2 scrolls of amnesia {unknown}
 G - a scroll of random uselessness {unknown}
 I - a scroll of remove curse
 J - a scroll of enchant weapon {unknown}
 L - 3 scrolls of fog {unknown}
Potions
 h - a potion of lignification
 l - a potion of brilliance
 p - 3 potions of curing
 s - 2 potions of flight
 z - 4 potions of might
 H - 2 potions of haste
Comestibles
 f - 4 bread rations
 i - a slice of pizza
 x - 6 meat rations


   Skills:
 - Level 3.0 Fighting
 + Level 7.3 Maces & Flails
 + Level 8.0 Armour
 + Level 7.7 Shields


You had 8 spell levels left.
You didn't know any spells.

Dungeon Overview and Level Annotations

Branches:
Dungeon (8/15)             Temple (0/1) D:6
   Lair: D:8-11

Altars:
Cheibriados
Dithmenos
Elyvilon
Fedhas
Gozag
Makhleb
Okawaru
Pakellas
Ru
Vehumet
Xom
Yredelemnul

Shops:
D:5 [

Annotations:
D:8 Erica


Innate Abilities, Weirdness & Mutations

((You have sharp toenails.))
((You are mostly covered in iridescent scales (AC +6).))
You are significantly more attuned to the shadows.
You sometimes gain power by taking damage.


Message History

You miss something.
Your transformation is almost over.
Erica appears from thin air!
Reactivating autopickup.
The crimson imp hits you but does no damage.
Erica hits you with a scimitar of flaming.
* * * LOW HITPOINT WARNING * * *
You cannot move. (Use ctrl+direction to attack without moving.)
Your shield prevents you from hitting Erica.
Erica is severely wounded.
You swing at nothing.
The crimson imp hits you but does no damage.
Erica gestures at you while chanting.
You feel yourself slow down.
You miss Erica.
Erica is severely wounded.
You start to feel less resistant.
The crimson imp hits you but does no damage.
Erica hits you with a scimitar of flaming!
You die...

#...## ##..##
........# ##..##
#.......# ###..##
#.......####...##
##.............##
#.............##
#>....5.......#
......♣.......#
......@......##
.........<....#
..............#
##...#####.)..#
#### ##...# ##..#
#.## #.#


You could see Erica and a crimson imp.

Vanquished Creatures
  The ghost of Beholder179 the Vexing, an amateur TrAM of Okawaru (D:4)
  Eustachio (D:4)
  Menkaure (D:7)
  Duvessa (D:6)
  2 orc warriors
  2 phantoms
  A black bear (D:6)
  2 centaurs
  5 big kobolds
  Blork the orc (D:6)
  4 giant frogs
  Dowan (D:6)
  A scorpion (D:5)
  2 howler monkeys
  5 crimson imps
  2 hounds (D:6)
  2 jellies
  A giant frog zombie (D:6)
  A quasit (D:6)
  9 orc priests
  An iron imp (D:4)
  6 orc wizards
  A gnoll shaman (D:5)
  5 worker ants
  A hound zombie (D:7)
  A hound skeleton (D:6)
  A worker ant zombie (D:7)
  A howler monkey skeleton (D:5)
  7 gnolls
  9 adders
  2 river rats (Sewer)
  A shadow imp (D:5)
  6 oozes (Sewer)
  9 worms
  3 dart slugs
  4 giant geckos
  26 orcs
  6 bats
  6 giant cockroaches
  7 hobgoblins
  4 jackals
  4 quokkas
  3 ball pythons (Sewer)
  2 giant newts
  4 goblins
  12 kobolds
  8 rats
185 creatures vanquished.

Notes
Turn   | Place    | Note
--------------------------------------------------------------
     0 | D:1      | Jerry the Demonspawn Fighter began the quest for the Orb.
     0 | D:1      | Reached XP level 1. HP: 18/18 MP: 1/1
   165 | D:1      | Gained mutation: You are partially covered in iridescent scales (AC +4). [demonic ancestry]
   165 | D:1      | Reached XP level 2. HP: 24/24 MP: 2/2
   546 | D:1      | Reached skill level 3 in Armour
   638 | D:1      | Identified a +2 pair of boots of running (You found it on level 1 of the Dungeon)
   840 | D:2      | Gained mutation: You are mostly covered in iridescent scales (AC +6). [demonic ancestry]
   840 | D:2      | Reached XP level 3. HP: 27/29 MP: 3/3
   980 | D:2      | You fall through a shaft!
  1016 | D:3      | Gained mutation: You sometimes gain a little power by taking damage. [demonic ancestry]
  1016 | D:3      | Reached XP level 4. HP: 30/35 MP: 4/4
  1774 | D:3      | Noticed a big kobold
  1815 | D:3      | Gained mutation: You sometimes gain power by taking damage. [demonic ancestry]
  1815 | D:3      | Reached XP level 5. HP: 38/41 MP: 5/5
  1849 | D:3      | Reached skill level 4 in Armour
  2182 | D:3      | Reached XP level 6. HP: 44/47 MP: 6/6
  2264 | D:3      | Found a shimmering altar of Xom.
  2491 | D:3      | Found a basalt altar of Yredelemnul.
  2688 | D:4      | Noticed Beholder179's ghost (amateur TrAM)
  2708 | D:4      | Killed Beholder179's ghost
  2708 | D:4      | Reached skill level 5 in Armour
  2708 | D:4      | Gained mutation: You are slightly more attuned to the shadows. [demonic ancestry]
  2708 | D:4      | Reached XP level 7. HP: 49/52 MP: 7/7
  2799 | D:4      | Found a burning altar of Makhleb.
  2840 | D:4      | Found an iron altar of Okawaru.
  2878 | D:4      | Noticed Eustachio
  2896 | D:4      | Killed Eustachio
  2896 | D:4      | Reached skill level 5 in Shields
  3315 | D:4      | Found a white marble altar of Elyvilon.
  3713 | D:4      | Became a worshipper of Warmaster Okawaru
  3782 | D:5      | Entered Level 5 of the Dungeon
  3849 | D:5      | Reached skill level 5 in Maces & Flails
  3859 | D:5      | Found a glowing drain.
  3891 | Sewer    | Entered a sewer
  4113 | Sewer    | Gained mutation: You are significantly more attuned to the shadows. [demonic ancestry]
  4113 | Sewer    | Reached XP level 8. HP: 58/58 MP: 8/8
  4162 | Sewer    | Reached skill level 6 in Armour
  4650 | Sewer    | Reached * piety under Okawaru
  4857 | D:5      | Found an opulent altar of Gozag.
  5266 | D:5      | Found Peijakye's Antique Armour Shop.
  5434 | D:5      | Found a blossoming altar of Fedhas.
  6457 | D:6      | Reached skill level 7 in Armour
  6457 | D:6      | Gained mutation: You have sharp toenails. [demonic ancestry]
  6457 | D:6      | Reached XP level 9. HP: 30/63 MP: 9/9
  6485 | D:6      | Reached ** piety under Okawaru
  6830 | D:6      | Found a shadowy altar of Dithmenos.
  7098 | D:6      | Noticed Blork the orc
  7166 | D:6      | Killed Blork the orc
  7325 | D:6      | Found a staircase to the Ecumenical Temple.
  7590 | D:6      | Found a blossoming altar of Fedhas.
  7590 | D:6      | Found a radiant altar of Vehumet.
  7591 | D:6      | Found an oddly glowing altar of Pakellas.
  7598 | D:6      | Found a sacrificial altar of Ru.
  7600 | D:6      | Noticed Duvessa
  7600 | D:6      | Noticed Dowan
  7624 | D:6      | Killed Duvessa
  7651 | D:6      | Killed Dowan
  8090 | D:7      | Found a snail-covered altar of Cheibriados.
  8581 | D:7      | Noticed Menkaure
  8592 | D:7      | Killed Menkaure
  8618 | D:7      | Reached skill level 8 in Armour
  8622 | D:7      | Reached *** piety under Okawaru
  9071 | D:8      | Noticed Erica
  9106 | D:8      | HP: 3/63 [something (6)]
  9106 | D:8      | HP: 1/63 [something (2)]
  9111 | D:8      | HP: 4/94 [something (3)]
  9147 | D:8      | HP: 3/94 [Erica/scimitar of flaming (3)]
  9150 | D:8      | Slain by Erica

Skill      XL: |  1  2  3  4  5  6  7  8  9 |
---------------+----------------------------+-----
Maces & Flails | 2 3 4 5 6 7 |  7.3
Armour         | 3 4 5 7 8 |  8.0
Shields        | 3 4 5 6 7 |  7.7
Fighting       | |  3.0

Action                   |  1- 3 |  4- 6 |  7- 9 || total
-------------------------+-------+-------+-------++-------
Melee: Flail             |    93 |   251 |   105 ||   449
       Mace              |       |       |   623 ||   623
Invok: Heroism           |       |       |     2 ||     2
  Use: Potion            |       |     1 |    10 ||    11
       Scroll            |       |       |     6 ||     6
 Stab: Sleeping          |       |       |    16 ||    16
       Distracted        |       |       |     1 ||     1
  Eat: Chunk             |       |     6 |    20 ||    26
       Beef jerky        |       |       |     1 ||     1
Armor: Scale mail        |    60 |   142 |   293 ||   495
       Skin              |       |       |    35 ||    35
Dodge: Dodged            |    37 |    68 |   190 ||   295
Block: Shield            |    48 |   111 |   375 ||   534
